Map: Orbital Shipyard

Players

Miszu

  • Race: Terran Terran
  • League: Diamond

llllllll - Winner!

  • Race: Terran Terran
  • League: Master

VOD

Have the link to the VOD?

Description

Time

  • Played on: March 25, 2016, 5:13 p.m.
  • Length: 3:14
Show
View Real Time Build Order
Export as new Build Order

Miszu Terran 

Build Orders:  

Get SALT Encoding   

  12  0:00  SCV  
  13  0:13  SCV  
  14  0:18  Supply Depot  
  14  0:25  SCV  
  15  0:39  SCV  
  16  0:44  Barracks  
  16  0:47  Refinery  
  16  0:51  SCV  
  17  1:04  SCV  
  18  1:17  SCV  
  19  1:31  Orbital Command  
  19  1:32  Barracks Reactor  
  19  1:41  Command Center  
  19  1:52  Supply Depot  
  19  1:57  SCV  
  19  2:08  Factory  
  19  2:09  SCV  
  19  2:11  Marine x2  
  20  2:29  Marine  
  21  2:30  SCV  
  21  2:41  Marine  
  21  2:43  SCV  
  20  2:47  Marine  
Show
View Real Time Build Order
Export as new Build Order

llllllll Terran - Winner!

Build Orders:  

Get SALT Encoding   

  12  0:08  Supply Depot  
  12  0:28  Refinery  
  12  0:33  Barracks  
  12  0:51  Barracks  
  12  1:20  Reaper  
  12  1:21  Barracks  
  13  1:29  Refinery  
  13  1:37  Reaper  
  14  1:52  Reaper  
  15  2:10  Reaper  
  15  2:14  Reaper  
  17  2:26  Reaper  
Tags
 
Add a new tag
Caveats
  • Supply blocks, unpowered buildings, or Contaminate may cause inaccurate times.
  • Supply counts are checked every 10 seconds.